 Dungeon Crawl Stone Soup version 0.27-a0-333-gfa571bf19a (webtiles) character file.

Game seed: 8971002118226574457

2 inc the Vexing (level 1, -3/7 HPs)
             Began as a Felid Enchanter on Feb 12, 2021.
             Slain by a leopard gecko (4 damage)
             ... on level 1 of the Dungeon.
             The game lasted 00:00:12 (187 turns).

inc the Vexing (Felid Enchanter)                     Turns: 187, Time: 00:00:13

Health: -3/7       AC:  1    Str:  4    XL:     1   Next: 25%
Magic:  3/4        EV: 18    Int: 16    God:
Gold:   0          SH:  0    Dex: 16    Spells: 3/4 levels left
                                        Lives:  0   Deaths: 0

rFire    . . .     SeeInvis +     - Unarmed
rCold    . . .     Faith    .   (shield unavailable)
rNeg     . . .     Spirit   .   (armour unavailable)
rPois    .         Reflect  .   (helmet unavailable)
rElec    .         Harm     .   (cloak unavailable)
rCorr    .         Rampage  .   (gloves unavailable)
Will     .....                  (boots unavailable)
Stlth    +++.......             (no amulet)
HPRegen  0.02/turn              (no ring)
MPRegen  0.09/turn              (no ring)

@: quick
A: very small, no armour, no weapons or thrown items, stealth, claws 1, fangs 3,
see invisible, speed 1, shaggy fur 1, sharp paws
a: no special abilities


You were on level 1 of the Dungeon.
You visited 1 branch of the dungeon, and saw 1 of its levels.

You aren't carrying anything.


   Skills:
 - Level 2.6 Dodging
 - Level 4.0 Stealth
 - Level 1.0 Unarmed Combat
 - Level 2.0 Spellcasting
 + Level 4.6 Hexes


You had 3 spell levels left.
You knew the following spells:

 Your Spells              Type           Power        Failure   Level
a - Corona                Hex            17%          3%          1

Your spell library contained the following spells:

 Spells                   Type           Power        Failure   Level
 Confusing Touch          Hex            16%          10%         3
 Tukima's Dance           Hex            16%          10%         3
 Ensorcelled Hibernation  Hex/Ice        18%          12%         2
 Dazzling Flash           Conj/Hex       18%          24%         3


Dungeon Overview and Level Annotations

Branches:
Dungeon (1/15)

Altars:


Innate Abilities, Weirdness & Mutations

You cannot wear armour.
You are incapable of wielding weapons or throwing items.
Your paws allow you to move quietly. (Stealth)
You have sharp claws.
You have razor-sharp teeth.
You have supernaturally acute eyesight. (SInv)
You cover ground quickly.
You are covered in fur. (AC +1)
Your sharp claws are effective at attacking unaware monsters.


Message History

You barely miss the giant cockroach.
The giant cockroach is moderately wounded.
The giant cockroach completely misses you.
You scratch the giant cockroach. You bite the giant cockroach.
You kill the giant cockroach!
You see here a giant cockroach corpse.
A frilled lizard comes into view.
The frilled lizard hisses angrily.
Found a dagger.
A frilled lizard is nearby!
A leopard gecko comes into view.
A kobold comes into view. It is wielding a +0 dagger.
The frilled lizard completely misses you.
Casting: Corona (safe; 3% risk of failure)
Confirm with . or Enter, or press ? or * to list all spells.
Aiming: Corona (safe; 3% risk of failure)
Press: ? - help, Shift-Dir - straight line, f - frilled lizard
Aim: a frilled lizard (chance to affect: 71%)
The frilled lizard is outlined in light.
The frilled lizard bites you.
Casting: Corona (safe; 3% risk of failure)
Confirm with . or Enter, or press ? or * to list all spells.
Aiming: Corona (safe; 3% risk of failure)
Press: ? - help, Shift-Dir - straight line, f - leopard gecko
Aim: a leopard gecko (chance to affect: 71%)
The leopard gecko is outlined in light.
You scratch the leopard gecko.
The leopard gecko is heavily wounded.
The leopard gecko bites you.
Ouch! That really hurt!
* * * LOW HITPOINT WARNING * * *
You are too injured to fight recklessly!
You barely miss the leopard gecko.
The leopard gecko is heavily wounded.
The leopard gecko misses you.
You scratch the leopard gecko.
The leopard gecko is almost dead.
The leopard gecko bites you.
Ouch! That really hurt!
You die...

....#........###
...............##
#...####.........
....#####l...###
.............#
)###.####....# .
.# #....# .#
#....######### .#
#.†...ll@....##
############..#
##.# #.#
##########.#
#..........#
#.8..≈≈≈≈..#
#..........#
######.#####


You could see a leopard gecko (corona) and a frilled lizard.

Vanquished Creatures
  A giant cockroach (D:1)
  A bat (D:1)
2 creatures vanquished.

Notes
Turn   | Place    | Note
-------+----------+-------------------------------------------
     0 | D:1      | inc the Felid Enchanter began the quest for the Orb.
     0 | D:1      | Reached XP level 1. HP: 7/7 MP: 4/4
   187 | D:1      | Slain by a leopard gecko

Illustrated notes

Levels and vault maps discovered:
D:1:      dpeg_arrival_rooms_c, layout_rooms, tso_altar

Action                   || total
-------------------------++-------
Melee: Unarmed           ||    10
       Bite              ||     1
 Cast: Corona            ||     3
Armor: Skin              ||     2
Dodge: Dodged            ||     8

Table legend: (Time is in decaauts)
 A = Elapsed time spent in this place.
 B = Non-inter-level travel time spent in this place.
 C = Inter-level travel time spent in this place.
 D = Time resting spent in this place.
 E = Time spent auto-exploring this place.
 F = Levels seen in this place.
 G = Mean time per level.
                   A        B        C        D        E       F      G
               +--------+--------+--------+--------+--------+-----+--------+
         Total |    176 |    176 |      0 |      0 |    142 |   1 |  176.0 |
       Dungeon |    176 |    176 |      0 |      0 |    142 |   1 |  176.0 |
               +--------+--------+--------+--------+--------+-----+--------+

Top non-repeatable levels by time:
     D:1: 176 daAuts
